| TOP OF THE 1ST |
|
Minnesota Twins batting - Pitching for Cleveland Guardians : RHP Ben Sedlacek
|
|
Pitching: RHP Ben Sedlacek
|
|
|
Batting: LHB Ryan Flynn Jr.
|
0-0: Ball 1-0: Ball 2-0: Ball 3-0: Called Strike 3-1: Foul Ball, location: 2F 3-2: Strikes out swinging
|
|
Batting: RHB Matt Dunn
|
0-0: Ball 1-0: Called Strike 1-1: Called Strike 1-2: Foul Ball, location: 2F 1-2: Ball 2-2: Hit by Pitch
|
|
Batting: LHB Ricardo Batista
|
0-0: Ball 1-0: Ball 2-0: Foul Ball, location: 2F 2-1: Fly out, F3 (Popup, 3SF, EV 70.6 MPH)
|
|
Batting: RHB Greg Harman
|
0-0: Foul Ball, location: 2F 0-1: Ball 1-1: Ball 2-1: Foul Ball, location: 2F 2-2: Ground out 4-3 (Groundball, 4, EV 85.6 MPH)
|
| Top of the 1st over - 0 runs, 0 hits, 0 errors, 1 left on base; Minnesota 0 - Cleveland 0 |
| BOTTOM OF THE 1ST |
|
Cleveland Guardians batting - Pitching for Minnesota Twins : RHP Bud Puffer
|
|
Pitching: RHP Bud Puffer
|
|
|
Batting: RHB Rick O'Reilly
|
0-0: TRIPLE (Flyball, 8LXD, EV 101.9 MPH)
|
|
Batting: LHB John Harring
|
0-0: Foul Ball, location: 2F 0-1: Swinging Strike 0-2: Ball 1-2: Ground out 4-3 (Groundball, 4MS, EV 90.0 MPH) Rick O'Reilly scores
|
|
Batting: LHB Arvin Dungca
|
0-0: Ball 1-0: Ball 2-0: Ball 3-0: Called Strike 3-1: Base on Balls
|
|
Batting: RHB Nick Ogle
|
0-0: Called Strike 0-1: Ball 1-1: Ball 2-1: SINGLE (Flyball, 78M, EV 86.2 MPH) Arvin Dungca to second
|
|
Batting: RHB Jasper Burd
|
0-0: Called Strike 0-1: Foul Ball, location: 2F 0-2: Ball 1-2: Ball 2-2: Ball 3-2: Base on Balls Arvin Dungca to third Nick Ogle to second
|
|
Batting: RHB Danny Eberhart
|
0-0: Called Strike 0-1: Ball 1-1: Foul Ball, location: 2F 1-2: Strikes out swinging
|
|
Batting: RHB Solange Le Coq
|
0-0: Called Strike 0-1: Ball 1-1: Fly out, F8 (Flyball, 89M, EV 80.6 MPH)
|
| Bottom of the 1st over - 1 run, 2 hits, 0 errors, 3 left on base; Minnesota 0 - Cleveland 1 |
| TOP OF THE 2ND |
|
Minnesota Twins batting - Pitching for Cleveland Guardians : RHP Ben Sedlacek
|
|
Batting: RHB Miguel Gonzalez
|
0-0: Called Strike 0-1: Ball 1-1: Ball 2-1: Foul Ball, location: 2F 2-2: Foul Ball, location: 2F 2-2: Ball 3-2: Base on Balls
|
|
Batting: LHB Peer Derks
|
0-0: Called Strike 0-1: Foul Ball, location: 2F 0-2: Foul Ball, location: 2F 0-2: Ball 1-2: Strikes out swinging
|
|
Batting: SHB Bran Stark
|
0-0: Called Strike 0-1: Ball 1-1: Foul Ball, location: 2F 1-2: Strikes out looking
|
|
Batting: RHB Alex Sandoval
|
0-0: Foul Ball, location: 2F 0-1: Ball 1-1: Foul Ball, location: 2F 1-2: SINGLE (Groundball, 56D, EV 100.6 MPH) Miguel Gonzalez to second Runner from 2nd tries for 3rd, SAFE, throw by LF made to third Alex Sandoval to second
|
|
Batting: RHB Cyril Husson
|
0-0: Foul Ball, location: 2F 0-1: Called Strike 0-2: Ground out 5-3 (Groundball, 56S, EV 65.0 MPH)
|
| Top of the 2nd over - 0 runs, 1 hit, 0 errors, 2 left on base; Minnesota 0 - Cleveland 1 |
| BOTTOM OF THE 2ND |
|
Cleveland Guardians batting - Pitching for Minnesota Twins : RHP Bud Puffer
|
|
Batting: RHB Aaron Matthews
|
0-0: DOUBLE (Line Drive, 5D, EV 102.5 MPH)
|
|
Batting: RHB Justin Ganey
|
0-0: Called Strike 0-1: Swinging Strike 0-2: Strikes out swinging
|
|
Batting: RHB Rick O'Reilly
|
0-0: Ball 1-0: Ball 2-0: Ball 3-0: Called Strike 3-1: Foul Ball, location: 2F 3-2: Foul Ball, location: 2F 3-2: Ground out 6-3 (Groundball, 6, EV 83.1 MPH) Aaron Matthews to third
|
|
Batting: LHB John Harring
|
0-0: Ball 1-0: Called Strike 1-1: Foul Ball, location: 2F 1-2: Ball 2-2: SINGLE (Line Drive, 8LS, EV 100.6 MPH) Aaron Matthews scores
|
|
Batting: LHB Arvin Dungca
|
0-0: Called Strike 0-1: Ball 1-1: Ball 2-1: Ball 3-1: Foul Ball, location: 2F 3-2: Strikes out swinging
|
| Bottom of the 2nd over - 1 run, 2 hits, 0 errors, 1 left on base; Minnesota 0 - Cleveland 2 |
| TOP OF THE 3RD |
|
Minnesota Twins batting - Pitching for Cleveland Guardians : RHP Ben Sedlacek
|
|
Batting: LHB Ryan Flynn Jr.
|
0-0: Ball 1-0: Called Strike 1-1: Ball 2-1: Ball 3-1: Foul Ball, location: 2F 3-2: Base on Balls
|
|
Batting: RHB Matt Dunn
|
0-0: Ball 1-0: Ball 2-0: Ball 3-0: Called Strike 3-1: Base on Balls Ryan Flynn Jr. to second
|
|
Batting: LHB Ricardo Batista
|
0-0: Ball 1-0: Ball 2-0: Ball 3-0: Called Strike 3-1: Foul Ball, location: 2F 3-2: Foul Ball, location: 2F 3-2: Strikes out swinging
|
|
Batting: RHB Greg Harman
|
0-0: Ball 1-0: Grounds into double play, 4-6-3 (Groundball, 4, EV 109.4 MPH)
|
| Top of the 3rd over - 0 runs, 0 hits, 0 errors, 1 left on base; Minnesota 0 - Cleveland 2 |
| BOTTOM OF THE 3RD |
|
Cleveland Guardians batting - Pitching for Minnesota Twins : RHP Bud Puffer
|
|
Batting: RHB Nick Ogle
|
0-0: Called Strike 0-1: Swinging Strike 0-2: Foul Ball, location: 2F 0-2: Ball 1-2: Ball 2-2: Foul Ball, location: 2F 2-2: Ball 3-2: Strikes out swinging
|
|
Batting: RHB Jasper Burd
|
0-0: Ball 1-0: Ball 2-0: Ball 3-0: Called Strike 3-1: Ground out U3 (Groundball, 3, EV 91.2 MPH)
|
|
Batting: RHB Danny Eberhart
|
0-0: SINGLE (Groundball, 4M, EV 87.5 MPH) (infield hit)
|
|
Batting: RHB Solange Le Coq
|
0-0: Ball 1-0: Ball 2-0: Called Strike 2-1: SINGLE (Groundball, 56D, EV 107.5 MPH) Danny Eberhart to second Runner from 2nd tries for 3rd, OUT! 7-5
|
| Bottom of the 3rd over - 0 runs, 2 hits, 0 errors, 1 left on base; Minnesota 0 - Cleveland 2 |
| TOP OF THE 4TH |
|
Minnesota Twins batting - Pitching for Cleveland Guardians : RHP Ben Sedlacek
|
|
Batting: RHB Miguel Gonzalez
|
0-0: Ball 1-0: Foul Ball, location: 2F 1-1: Swinging Strike 1-2: Foul Ball, location: 2F 1-2: Ball 2-2: Ball 3-2: Strikes out looking
|
|
Batting: LHB Peer Derks
|
0-0: SINGLE (Line Drive, 7S, EV 110.0 MPH)
|
|
Batting: SHB Bran Stark
|
0-0: Ball 1-0: Called Strike 1-1: Called Strike 1-2: Grounds out, U3 (Groundball, 3L, EV 87.5 MPH)
|
|
Batting: RHB Alex Sandoval
|
0-0: Swinging Strike 0-1: Foul Ball, location: 2F 0-2: SINGLE (Groundball, 6D, EV 106.2 MPH) Peer Derks to third Runner from 3rd tries for Home, SAFE, throw by LF to home
|
|
Batting: RHB Cyril Husson
|
0-0: Ball 1-0: Called Strike 1-1: Ball Alex Sandoval steals 2nd base 2-1: Foul Ball, location: 2F 2-2: Ground out 5-3 (Groundball, 56S, EV 85.0 MPH)
|
| Top of the 4th over - 1 run, 2 hits, 0 errors, 1 left on base; Minnesota 1 - Cleveland 2 |
| BOTTOM OF THE 4TH |
|
Cleveland Guardians batting - Pitching for Minnesota Twins : RHP Bud Puffer
|
|
Batting: RHB Aaron Matthews
|
0-0: Called Strike 0-1: Ground out 4-3 (Groundball, 34, EV 100.6 MPH)
|
|
Batting: RHB Justin Ganey
|
0-0: Swinging Strike 0-1: Foul Ball, location: 2F 0-2: Strikes out looking
|
|
Batting: RHB Rick O'Reilly
|
0-0: Called Strike 0-1: Ball 1-1: Bunted foul 1-2: Strikes out looking
|
| Bottom of the 4th over - 0 runs, 0 hits, 0 errors, 0 left on base; Minnesota 1 - Cleveland 2 |
| TOP OF THE 5TH |
|
Minnesota Twins batting - Pitching for Cleveland Guardians : RHP Ben Sedlacek
|
|
Batting: LHB Ryan Flynn Jr.
|
0-0: Fly out, F8 (Line Drive, 8RS, EV 100.0 MPH)
|
|
Batting: RHB Matt Dunn
|
0-0: Ball 1-0: Ground out 4-3 (Groundball, 4, EV 90.0 MPH)
|
|
Batting: LHB Ricardo Batista
|
0-0: Ball 1-0: Ground out 3-1 (Groundball, 34, EV 110.6 MPH)
|
| Top of the 5th over - 0 runs, 0 hits, 0 errors, 0 left on base; Minnesota 1 - Cleveland 2 |
| BOTTOM OF THE 5TH |
|
Cleveland Guardians batting - Pitching for Minnesota Twins : RHP Bud Puffer
|
|
Batting: LHB John Harring
|
0-0: Foul Ball, location: 2F 0-1: Ball 1-1: Ball 2-1: Ball 3-1: Base on Balls
|
|
Batting: LHB Arvin Dungca
|
0-0: Ground out 4-3 (Groundball, 34D, EV 111.2 MPH) John Harring to second
|
|
Batting: RHB Nick Ogle
|
0-0: Ball 1-0: Called Strike 1-1: Ball 2-1: Foul Ball, location: 2F 2-2: Ball 3-2: Strikes out swinging
|
|
Batting: RHB Jasper Burd
|
0-0: Ball 1-0: Ball 2-0: Called Strike 2-1: Ball 3-1: Base on Balls
|
|
Batting: RHB Danny Eberhart
|
0-0: Ball 1-0: Called Strike 1-1: Ball 2-1: Ball 3-1: Base on Balls John Harring to third Jasper Burd to second
|
|
Batting: RHB Solange Le Coq
|
0-0: Fly out, F7 (Flyball, 78M, EV 94.4 MPH)
|
| Bottom of the 5th over - 0 runs, 0 hits, 0 errors, 3 left on base; Minnesota 1 - Cleveland 2 |
| TOP OF THE 6TH |
|
Minnesota Twins batting - Pitching for Cleveland Guardians : RHP Ben Sedlacek
|
|
Batting: RHB Greg Harman
|
0-0: Called Strike 0-1: Ball 1-1: Ball 2-1: Foul Ball, location: 2F 2-2: Foul Ball, location: 2F 2-2: Ball 3-2: Foul Ball, location: 2F 3-2: Base on Balls
|
|
Batting: RHB Miguel Gonzalez
|
0-0: Ball 1-0: Foul Ball, location: 2F 1-1: Ball 2-1: Foul Ball, location: 2F 2-2: SINGLE (Groundball, 34D, EV 108.1 MPH) Greg Harman to second Runner from 2nd tries for 3rd, SAFE, throw by RF made at trailing runner, OUT! 9-6
|
|
Pitching: RHP Joe Zeiset
|
|
|
Batting: LHB Peer Derks
|
0-0: Foul Ball, location: 2F 0-1: Ball 1-1: Ball 2-1: Ball 3-1: Base on Balls
|
|
Batting: SHB Bran Stark
|
0-0: Ball 1-0: Called Strike 1-1: Foul Ball, location: 2F 1-2: Ball 2-2: Strikes out swinging
|
|
Batting: RHB Alex Sandoval
|
0-0: Ball 1-0: Ball 2-0: SINGLE (Groundball, 56S, EV 70.0 MPH) (infield hit) Greg Harman scores Peer Derks to second
|
|
Batting: RHB Cyril Husson
|
0-0: Ground out 5-3 (Groundball, 56S, EV 86.9 MPH)
|
| Top of the 6th over - 1 run, 2 hits, 0 errors, 2 left on base; Minnesota 2 - Cleveland 2 |
| BOTTOM OF THE 6TH |
|
Cleveland Guardians batting - Pitching for Minnesota Twins : RHP Bud Puffer
|
|
Batting: RHB Aaron Matthews
|
0-0: Ball 1-0: Ball 2-0: Called Strike 2-1: Ball 3-1: Swinging Strike 3-2: Base on Balls
|
|
Batting: RHB Justin Ganey
|
0-0: Ball 1-0: Called Strike 1-1: Ball 2-1: Foul Ball, location: 2F 2-2: Strikes out swinging
|
|
Pitching: RHP Gerbrand van de Bilt
|
|
|
Pinch Hitting: SHB Pete Barutha
|
0-0: Ball 1-0: SINGLE (Line Drive, 34D, EV 96.2 MPH) Aaron Matthews to second
|
|
Batting: LHB John Harring
|
0-0: Ball 1-0: Ball 2-0: Foul Ball, location: 2F 2-1: Ball 3-1: Foul Ball, location: 2F 3-2: Ground out 5-3 (Groundball, 5L, EV 85.6 MPH) Aaron Matthews to third Pete Barutha to second
|
|
Batting: LHB Arvin Dungca
|
0-0: Ball 1-0: Called Strike 1-1: SINGLE (Line Drive, 4D, EV 96.2 MPH) Aaron Matthews scores Pete Barutha to third
|
|
Batting: RHB Nick Ogle
|
0-0: Called Strike 0-1: Called Strike 0-2: Ball 1-2: Fielders Choice at 2nd, 5-4 (Groundball, 5, EV 99.4 MPH)
|
| Bottom of the 6th over - 1 run, 2 hits, 0 errors, 2 left on base; Minnesota 2 - Cleveland 3 |
| TOP OF THE 7TH |
|
Minnesota Twins batting - Pitching for Cleveland Guardians : RHP Joe Zeiset
|
|
Now in RF: Pete Barutha
|
|
|
Batting: LHB Ryan Flynn Jr.
|
0-0: Ball 1-0: Called Strike 1-1: Called Strike 1-2: Strikes out swinging
|
|
Batting: RHB Matt Dunn
|
0-0: Ball 1-0: Swinging Strike 1-1: Foul Ball, location: 2F 1-2: Foul Ball, location: 2F 1-2: Foul Ball, location: 2F 1-2: Foul Ball, location: 2F 1-2: Fly out, F8 (Flyball, 89M, EV 80.0 MPH)
|
|
Batting: LHB Ricardo Batista
|
0-0: Ball 1-0: Called Strike 1-1: Called Strike 1-2: Ball 2-2: Foul Ball, location: 2F 2-2: Ball 3-2: Foul Ball, location: 2F 3-2: Foul Ball, location: 2F 3-2: SINGLE (Line Drive, 9S, EV 103.8 MPH)
|
|
Batting: RHB Greg Harman
|
0-0: Ball 1-0: Ball 2-0: Ball 3-0: Base on Balls Ricardo Batista to second
|
|
Pitching: RHP Dennis Beals
|
|
|
Batting: RHB Miguel Gonzalez
|
0-0: Ground out 5-3 (Groundball, 5S, EV 70.6 MPH)
|
| Top of the 7th over - 0 runs, 1 hit, 0 errors, 2 left on base; Minnesota 2 - Cleveland 3 |
| BOTTOM OF THE 7TH |
|
Cleveland Guardians batting - Pitching for Minnesota Twins : RHP Gerbrand van de Bilt
|
|
Batting: RHB Jasper Burd
|
0-0: Called Strike 0-1: Ball 1-1: Foul Ball, location: 2F 1-2: SINGLE (Line Drive, 4MD, EV 95.0 MPH)
|
|
Batting: RHB Danny Eberhart
|
0-0: Ball 1-0: Ball 2-0: Ball 3-0: Called Strike 3-1: Called Strike 3-2: Foul Ball, location: 2F 3-2: Foul Ball, location: 2F 3-2: Base on Balls Jasper Burd to second
|
|
Batting: RHB Solange Le Coq
|
0-0: Called Strike 0-1: Ball 1-1: Ball 2-1: Ball 3-1: Called Strike 3-2: Strikes out swinging
|
|
Batting: RHB Aaron Matthews
|
0-0: Grounds into double play, 4-6-3 (Groundball, 4, EV 110.6 MPH)
|
| Bottom of the 7th over - 0 runs, 1 hit, 0 errors, 1 left on base; Minnesota 2 - Cleveland 3 |
| TOP OF THE 8TH |
|
Minnesota Twins batting - Pitching for Cleveland Guardians : RHP Dennis Beals
|
|
Batting: LHB Peer Derks
|
0-0: Called Strike 0-1: Ball 1-1: Ball 2-1: Ball 3-1: Base on Balls
|
|
Batting: SHB Bran Stark
|
0-0: Ball 1-0: Ball 2-0: Sac Bunt to 3S - play at first, batter OUT! 3-1 Peer Derks to second
|
|
Batting: RHB Alex Sandoval
|
0-0: Called Strike 0-1: Ball 1-1: Called Strike 1-2: Ball 2-2: Strikes out swinging
|
|
Batting: RHB Cyril Husson
|
0-0: Foul Ball, location: 2F 0-1: Ball 1-1: Called Strike 1-2: Strikes out swinging
|
| Top of the 8th over - 0 runs, 0 hits, 0 errors, 1 left on base; Minnesota 2 - Cleveland 3 |
| BOTTOM OF THE 8TH |
|
Cleveland Guardians batting - Pitching for Minnesota Twins : RHP Gerbrand van de Bilt
|
|
Pitching: RHP Bryan Hallman
|
|
|
Batting: RHB Justin Ganey
|
0-0: Ball 1-0: Ground out 5-3 (Groundball, 56S, EV 88.8 MPH)
|
|
Batting: SHB Pete Barutha
|
0-0: Ball 1-0: Ball 2-0: Called Strike 2-1: Ball 3-1: Base on Balls
|
|
Batting: LHB John Harring
|
0-0: Ball 1-0: Called Strike 1-1: Called Strike 1-2: Strikes out looking
|
|
Batting: LHB Arvin Dungca
|
0-0: Ball 1-0: Ball 2-0: Foul Ball, location: 2F 2-1: Fly out, F7 (Flyball, 78XD, EV 93.1 MPH)
|
| Bottom of the 8th over - 0 runs, 0 hits, 0 errors, 1 left on base; Minnesota 2 - Cleveland 3 |
| TOP OF THE 9TH |
|
Minnesota Twins batting - Pitching for Cleveland Guardians : RHP Dennis Beals
|
|
Pitching: LHP Katsumi Omura
|
|
|
Batting: LHB Ryan Flynn Jr.
|
0-0: Called Strike 0-1: Foul Ball, location: 2F 0-2: Strikes out looking
|
|
Batting: RHB Matt Dunn
|
0-0: Called Strike 0-1: Ball 1-1: Ball 2-1: Foul Ball, location: 2F 2-2: Strikes out swinging
|
|
Batting: LHB Ricardo Batista
|
0-0: Fly out, F8 (Flyball, 8RD, EV 94.4 MPH)
|
| Top of the 9th over - 0 runs, 0 hits, 0 errors, 0 left on base; Minnesota 2 - Cleveland 3 |
|